UAA
MERCER ISLAND SCREAMING EAGLES @ DURHAM RAPIERS
09/01/2017
 
TOP OF THE 1ST
Mercer Island Screaming Eagles batting - Pitching for Durham Rapiers : RHP Sam MacKerras
Pitching: RHP Sam MacKerras
Batting: LHB Ernie Zambrano 0-0: Bunt for hit - play at first, batter safe!
Batting: RHB Fernando Delgado 0-0: Ball
Ernie Zambrano steals 2nd base
1-0: Called Strike
1-1: Ground out 5-3 (Groundball, 5)
Batting: RHB Paul Houston 0-0: Ball
1-0: Called Strike
1-1: Ball
2-1: Ball
3-1: DOUBLE (Line Drive, 5D)
Ernie Zambrano scores
Batting: LHB Nelson Plasenia 0-0: Ground out 4-3 (Groundball, 4M)
Paul Houston to third
Batting: RHB Juan Alba 0-0: Ball
1-0: Ball
2-0: Ground out 1-3 (Groundball, 13)
Top of the 1st over - 1 run(s), 2 hit(s), 0 error(s), 1 left on base; Mercer Island 1 - Durham 0
BOTTOM OF THE 1ST
Durham Rapiers batting - Pitching for Mercer Island Screaming Eagles : LHP Miguel Mora
Pitching: LHP Miguel Mora
Batting: RHB Kevin Sanderson 0-0: Ball
1-0: Swinging Strike
1-1: Swinging Strike
1-2: Ball
2-2: Foul Ball, location: 2F
2-2: Strikes out looking
Batting: RHB Caleb Lee 0-0: Called Strike
0-1: Ball
1-1: Fly out, F3 (Popup, 34)
Batting: RHB Bart Lewis 0-0: Foul Ball, location: 2F
0-1: Swinging Strike
0-2: Strikes out swinging
Bottom of the 1st over - 0 run(s), 0 hit(s), 0 error(s), 0 left on base; Mercer Island 1 - Durham 0
TOP OF THE 2ND
Mercer Island Screaming Eagles batting - Pitching for Durham Rapiers : RHP Sam MacKerras
Batting: RHB Luis Antonio Hernández 0-0: Ball
1-0: Bunted foul
1-1: Ball
2-1: Ball
3-1: Foul Ball, location: 2F
3-2: Ground out 6-3 (Groundball, 6)
Batting: SHB Christos Galpin 0-0: Ball
1-0: Ball
2-0: Ball
3-0: Base on Balls
Batting: RHB Luis Jiménez 0-0: Ball
1-0: Foul Ball, location: 2F
1-1: Foul Ball, location: 2F
1-2: Ball
2-2: Grounds into double play, U4-3 (Groundball, 4)
Top of the 2nd over - 0 run(s), 0 hit(s), 0 error(s), 0 left on base; Mercer Island 1 - Durham 0
BOTTOM OF THE 2ND
Durham Rapiers batting - Pitching for Mercer Island Screaming Eagles : LHP Miguel Mora
Batting: LHB Pat McJannett 0-0: Called Strike
0-1: Ball
1-1: Foul Ball, location: 2F
1-2: Ball
2-2: Foul Ball, location: 2F
2-2: Fly out, F8 (Flyball, 8LM)
Batting: SHB Vernon Thomas 0-0: Called Strike
0-1: Ball
1-1: Ball
2-1: SINGLE (Groundball, 56D)
Batting: SHB Roger Wheeler 0-0: Swinging Strike
0-1: Ball
1-1: Called Strike
1-2: Strikes out swinging
Batting: RHB Robby Thomas 0-0: Called Strike
0-1: Called Strike
0-2: Strikes out swinging
Bottom of the 2nd over - 0 run(s), 1 hit(s), 0 error(s), 1 left on base; Mercer Island 1 - Durham 0
TOP OF THE 3RD
Mercer Island Screaming Eagles batting - Pitching for Durham Rapiers : RHP Sam MacKerras
Batting: RHB William Miles 0-0: Bunt for hit - play at first, batter safe!
Batting: LHB Ernie Zambrano 0-0: Called Strike
0-1: Fly out, F7 (Flyball, 78M)
Batting: RHB Fernando Delgado 0-0: Ball
1-0: Fly out, F6 (Popup, 6MD)
Batting: RHB Paul Houston 0-0: Foul Ball, location: 2F
0-1: Fly out, F4 (Line Drive, 4MD)
Top of the 3rd over - 0 run(s), 1 hit(s), 0 error(s), 1 left on base; Mercer Island 1 - Durham 0
BOTTOM OF THE 3RD
Durham Rapiers batting - Pitching for Mercer Island Screaming Eagles : LHP Miguel Mora
Batting: LHB Gonzalo Féliz 0-0: Ball
1-0: Fly out, F8 (Flyball, 8LM)
Batting: LHB Evan Nelson 0-0: Swinging Strike
0-1: Called Strike
0-2: Foul Ball, location: 2F
0-2: Ball
1-2: Ball
2-2: Strikes out swinging
Batting: RHB Kevin Sanderson 0-0: Called Strike
0-1: Ball
1-1: Ball
2-1: Foul Ball, location: 2F
2-2: Ball
3-2: Base on Balls
Batting: RHB Caleb Lee 0-0: Ball
1-0: 2-RUN HOME RUN (Flyball, 78XD), Distance : 438 ft
Batting: RHB Bart Lewis 0-0: Called Strike
0-1: Swinging Strike
0-2: Ball
1-2: Strikes out swinging
Bottom of the 3rd over - 2 run(s), 1 hit(s), 0 error(s), 0 left on base; Mercer Island 1 - Durham 2
TOP OF THE 4TH
Mercer Island Screaming Eagles batting - Pitching for Durham Rapiers : RHP Sam MacKerras
Batting: LHB Nelson Plasenia 0-0: Fly out, F7 (Flyball, 7M)
Batting: RHB Juan Alba 0-0: Foul Ball, location: 2F
0-1: Reached on Error, E3 (Popup, 3)
Batting: RHB Luis Antonio Hernández 0-0: Fly out, F8 (Flyball, 8LXD)
Batting: SHB Christos Galpin 0-0: Ball
1-0: Foul Ball, location: 2F
1-1: Called Strike
1-2: Ball
2-2: Foul Ball, location: 2F
2-2: Foul Ball, location: 2F
2-2: Fielders Choice at 2nd, U6 (Groundball, 6M)
Top of the 4th over - 0 run(s), 0 hit(s), 1 error(s), 1 left on base; Mercer Island 1 - Durham 2
BOTTOM OF THE 4TH
Durham Rapiers batting - Pitching for Mercer Island Screaming Eagles : LHP Miguel Mora
Batting: LHB Pat McJannett 0-0: Ball
1-0: Called Strike
1-1: Ball
2-1: Fly out, F8 (Flyball, 8LM)
Batting: SHB Vernon Thomas 0-0: Ball
1-0: Ball
2-0: Ball
3-0: Called Strike
3-1: Ground out 5-3 (Groundball, 5)
Batting: SHB Roger Wheeler 0-0: Called Strike
0-1: Called Strike
0-2: Ground out U3 (Groundball, 3)
Bottom of the 4th over - 0 run(s), 0 hit(s), 0 error(s), 0 left on base; Mercer Island 1 - Durham 2
TOP OF THE 5TH
Mercer Island Screaming Eagles batting - Pitching for Durham Rapiers : RHP Sam MacKerras
Batting: RHB Luis Jiménez 0-0: Ball
1-0: Ball
2-0: Ball
3-0: Base on Balls
Batting: RHB William Miles 0-0: Sac Bunt - play at first, batter OUT! 5-4
Luis Jiménez to second
Batting: LHB Ernie Zambrano 0-0: Ball
1-0: Swinging Strike
1-1: Ball
2-1: Swinging Strike
2-2: Strikes out looking
Batting: RHB Fernando Delgado 0-0: Called Strike
0-1: Ball
1-1: Called Strike
1-2: Ball
Wild Pitch!
Luis Jiménez to third
2-2: Fly out, F8 (Flyball, 8LM)
Top of the 5th over - 0 run(s), 0 hit(s), 0 error(s), 1 left on base; Mercer Island 1 - Durham 2
BOTTOM OF THE 5TH
Durham Rapiers batting - Pitching for Mercer Island Screaming Eagles : LHP Miguel Mora
Batting: RHB Robby Thomas 0-0: Foul Ball, location: 2F
0-1: Fly out, F6 (Popup, 6)
Batting: LHB Gonzalo Féliz 0-0: Called Strike
0-1: Ball
1-1: Ball
2-1: Ball
3-1: Swinging Strike
3-2: Foul Ball, location: 2F
3-2: Fly out, F6 (Popup, 6D)
Batting: LHB Evan Nelson 0-0: Ground out 6-3 (Groundball, 6)
Bottom of the 5th over - 0 run(s), 0 hit(s), 0 error(s), 0 left on base; Mercer Island 1 - Durham 2
TOP OF THE 6TH
Mercer Island Screaming Eagles batting - Pitching for Durham Rapiers : RHP Sam MacKerras
Batting: RHB Paul Houston 0-0: Ball
1-0: Called Strike
1-1: Foul Ball, location: 2F
1-2: Strikes out swinging
Batting: LHB Nelson Plasenia 0-0: Ball
1-0: Called Strike
1-1: Foul Ball, location: 2F
1-2: Ground out U3 (Groundball, 3S)
Batting: RHB Juan Alba 0-0: Fly out, F2 (Popup, 2RF)
Top of the 6th over - 0 run(s), 0 hit(s), 0 error(s), 0 left on base; Mercer Island 1 - Durham 2
BOTTOM OF THE 6TH
Durham Rapiers batting - Pitching for Mercer Island Screaming Eagles : LHP Miguel Mora
Batting: RHB Kevin Sanderson 0-0: Foul Ball, location: 2F
0-1: Ball
1-1: Swinging Strike
1-2: Foul Ball, location: 2F
1-2: Strikes out looking
Batting: RHB Caleb Lee 0-0: Ball
1-0: Called Strike
1-1: Fly out, F4 (Popup, 4MD)
Batting: RHB Bart Lewis 0-0: Ball
1-0: Called Strike
1-1: Ground out 5-3 (Groundball, 56)
Bottom of the 6th over - 0 run(s), 0 hit(s), 0 error(s), 0 left on base; Mercer Island 1 - Durham 2
TOP OF THE 7TH
Mercer Island Screaming Eagles batting - Pitching for Durham Rapiers : RHP Sam MacKerras
Batting: RHB Luis Antonio Hernández 0-0: Ball
1-0: Ball
2-0: Foul Ball, location: 2F
2-1: Swinging Strike
2-2: Ball
3-2: Base on Balls
Batting: SHB Christos Galpin 0-0: Ball
1-0: Called Strike
1-1: Ball
2-1: Fly out, F8 (Flyball, 8LM)
Pinch Hitting: RHB Jack Hatcher 0-0: Ball
1-0: Ball
2-0: Called Strike
2-1: Ground out 4-3 (Groundball, 4M)
Luis Antonio Hernández to second
Pinch Hitting: LHB Mike Russell 0-0: Ball
1-0: Ball
2-0: Ball
3-0: Base on Balls
Pinch Hitting: RHB Bubba Papandreou 0-0: Fly out, F4 (Popup, 4M)
Top of the 7th over - 0 run(s), 0 hit(s), 0 error(s), 2 left on base; Mercer Island 1 - Durham 2
BOTTOM OF THE 7TH
Durham Rapiers batting - Pitching for Mercer Island Screaming Eagles : LHP Miguel Mora
Now at 1B: Jack Hatcher
Now in CF: Emery Miller
Now in RF: Mike Russell
Batting: LHB Pat McJannett 0-0: Called Strike
0-1: Ball
1-1: Ground out 6-3 (Groundball, 6M)
Batting: SHB Vernon Thomas 0-0: Ball
1-0: Ground out 6-3 (Groundball, 6)
Batting: SHB Roger Wheeler 0-0: Ball
1-0: Called Strike
1-1: Ground out 5-3 (Groundball, 56S)
Bottom of the 7th over - 0 run(s), 0 hit(s), 0 error(s), 0 left on base; Mercer Island 1 - Durham 2
TOP OF THE 8TH
Mercer Island Screaming Eagles batting - Pitching for Durham Rapiers : RHP Sam MacKerras
Now at C: Ray Whittier
Batting: RHB Fernando Delgado 0-0: Called Strike
0-1: SINGLE (Groundball, 6M)
Pinch Hitting: LHB Jeffrey Gregg 0-0: Ball
1-0: Ball
Wild Pitch!
Fernando Delgado to second
2-0: Called Strike
2-1: Ball
3-1: Foul Ball, location: 2F
3-2: Foul Ball, location: 2F
3-2: Base on Balls
Batting: LHB Nelson Plasenia 0-0: Ball
1-0: Called Strike
1-1: Foul Ball, location: 2F
1-2: Foul Ball, location: 2F
1-2: Foul Ball, location: 2F
1-2: Ball
2-2: Foul Ball, location: 2F
2-2: Strikes out looking
Pitching: LHP Ron Anderson
Pinch Hitting: RHB Luis Rojas 0-0: Swinging Strike
0-1: Swinging Strike
0-2: Ball
1-2: Ball
2-2: Ball
3-2: Fly out, F9 (Flyball, 89S)
Pitching: RHP Timothy Jackson
Batting: RHB Luis Antonio Hernández 0-0: Ball
1-0: Ground out 1-3 (Groundball, 13S)
Top of the 8th over - 0 run(s), 1 hit(s), 0 error(s), 2 left on base; Mercer Island 1 - Durham 2
BOTTOM OF THE 8TH
Durham Rapiers batting - Pitching for Mercer Island Screaming Eagles : LHP Miguel Mora
Now at 3B: Jeffrey Gregg
Now at SS: Kenzaburo Hori
Batting: RHB Ray Whittier 0-0: Called Strike
0-1: Ball
1-1: Swinging Strike
1-2: Strikes out swinging
Batting: LHB Gonzalo Féliz 0-0: Foul Ball, location: 2F
0-1: Called Strike
0-2: Strikes out swinging
Batting: LHB Evan Nelson 0-0: Ball
1-0: Called Strike
1-1: Foul Ball, location: 2F
1-2: Ball
2-2: Strikes out looking
Bottom of the 8th over - 0 run(s), 0 hit(s), 0 error(s), 0 left on base; Mercer Island 1 - Durham 2
TOP OF THE 9TH
Mercer Island Screaming Eagles batting - Pitching for Durham Rapiers : RHP Timothy Jackson
Pitching: RHP Eduardo Bravo
Pinch Hitting: RHB P.J. O'Keefe 0-0: Ground out 5-3 (Groundball, 5L)
Batting: RHB Jack Hatcher 0-0: Foul Ball, location: 2F
0-1: Ball
1-1: Foul Ball, location: 2F
1-2: Ball
2-2: Ball
3-2: Foul Ball, location: 2F
3-2: Strikes out swinging
Batting: LHB Mike Russell 0-0: Called Strike
0-1: Foul Ball, location: 2F
0-2: Ball
1-2: Foul Ball, location: 2F
1-2: Foul Ball, location: 2F
1-2: Ground out 6-3 (Groundball, 56)
Top of the 9th over - 0 run(s), 0 hit(s), 0 error(s), 0 left on base; Mercer Island 1 - Durham 2
This league is powered by Out of the Park Baseball, the baseball management simulation game for PC, Mac and Linux
Saturday, February 27th, 2021 - OOTP Baseball 15.6 Build 34